 Dungeon Crawl Stone Soup version 0.28-a0-1159-g27aa881441 (webtiles) character file.

Game seed: 6228758136557642844

79099 browni3141 the Fencer (level 16, -17/124 HPs)
             Began as a Formicid Fighter on Dec 16, 2021.
             Was a High Priest of Okawaru.
             Demolished by a white very ugly thing (36 damage)
             ... in an ice cave.
             The game lasted 01:55:54 (19751 turns).

browni3141 the Fencer (Formicid Fighter)           Turns: 19751, Time: 01:55:55

Health: -17/124    AC: 19    Str: 30    XL:     16   Next: 10%
Magic:  14/25      EV: 14    Int: 10    God:    Okawaru [*****.]
Gold:   2880       SH: 10    Dex: 10    Spells: 15/15 levels left

rFire   + . .      SeeInvis +   o - +6 triple sword "Tinuusmu" {venom, Str+3 Stlth+}
rCold   . . .      Faith    .   V - +0 kite shield {rF+}
rNeg    . . .      Spirit   .   y - +0 plate armour
rPois   +          Reflect  .   (helmet unavailable)
rElec   .          Harm     .   m - +2 cloak {rPois}
rCorr   +          Rampage  .   A - +0 pair of gloves
Will    +....                   (no boots)
Stlth   ..........              G - amulet of regeneration
HPRegen 1.10/turn               w - ring of resist corrosion
MPRegen 0.19/turn               p - +4 ring of evasion

@: finesse-ful
A: permanent stasis, dig shafts and tunnels, antennae 3, four strong arms
a: Dig, Renounce Religion, Heroism, Finesse, Duel


You were in an ice cave.
You worshipped Okawaru.
Okawaru was extremely pleased with you.
You visited 4 branches of the dungeon, and saw 24 of its levels.
You also visited: Ice Cave and Volcano.

You collected 3884 gold pieces.
You spent 1004 gold pieces at shops.

Inventory:

Hand Weapons
 a - a +1 vorpal great sword
 b - a +1 arbalest of flaming
 o - the +6 triple sword "Tinuusmu" (weapon) {venom, Str+3 Stlth+}
   (Okawaru gifted it to you on level 14 of the Dungeon)

   It poisons the flesh of those it strikes.
   Str:       It affects your strength (+3).
   Stlth:     It makes you more stealthy.
 I - a +5 great sword
 U - a +3 short sword of venom
Missiles
 c - 6 atropa-tipped darts
 i - 68 poisoned darts (quivered)
 s - 10 throwing nets
 u - 596 bolts
 O - 11 curare-tipped darts
Armour
 m - a +2 cloak of poison resistance (worn)
 y - a +0 plate armour (worn)
 A - a +0 pair of gloves (worn)
 V - a +0 kite shield of fire resistance (worn)
Jewellery
 f - an amulet of reflection
 k - an amulet of magic regeneration
 n - an amulet of faith
 p - a +4 ring of evasion (right hand)
 w - a ring of resist corrosion (left hand)
 G - an amulet of regeneration (around neck)
 J - a ring of flight
 M - a ring of ice
Wands
 q - a wand of acid (8)
 z - a wand of polymorph (3)
 D - a wand of flame (47)
 N - a wand of digging (15)
 S - a wand of iceblast (5)
Scrolls
 d - 9 scrolls of fog
 l - a scroll of noise
 r - 2 scrolls of enchant armour
 t - 3 scrolls of magic mapping
 E - 2 scrolls of fear
 F - 4 scrolls of amnesia
 K - a scroll of enchant weapon
 L - 4 scrolls of immolation
 P - a scroll of vulnerability
 Y - a scroll of silence
Potions
 e - 3 potions of flight
 g - 12 potions of curing
 h - 2 potions of ambrosia
 j - 5 potions of attraction
 v - 6 potions of invisibility {unknown}
 x - 2 potions of lignification {unknown}
 B - 5 potions of heal wounds
 C - 4 potions of mutation {unknown}
 H - 6 potions of brilliance
 Q - 3 potions of magic {unknown}
 R - a potion of haste {unknown}
 T - 2 potions of might
 W - 2 potions of resistance
 X - a potion of cancellation {unknown}


   Skills:
 + Level 10.7 Fighting
 + Level 16.4 Long Blades
 * Level 9.4 Crossbows
 + Level 10.5 Armour
 + Level 8.0 Dodging
 - Level 9.0 Shields
 - Level 12.0 Invocations
 - Level 5.0 Evocations


You had 15 spell levels left.
You didn't know any spells.
Your spell library contained the following spells:

 Spells                   Type           Power      Damage    Failure   Level
 Apportation              Tloc           0%         N/A       95%         1
 Beastly Appendage        Tmut           0%         N/A       95%         1
 Pain                     Necr           0%         1d4       95%         1
 Slow                     Hex            0%         N/A       95%         1
 Confusing Touch          Hex            0%         N/A       100%        3
 Conjure Flame            Conj/Fire      0%         6-21      100%        3
 Ignite Poison            Fire/Tmut/Pois 0%         N/A       100%        3
 Ozocubu's Armour         Ice            0%         N/A       100%        3
 Portal Projectile        Hex/Tloc       0%         N/A       100%        3
 Stone Arrow              Conj/Erth      0%         3d7       100%        3
 Vampiric Draining        Necr           0%         2d6       100%        3
 Cause Fear               Hex            0%         N/A       100%        4
 Ice Form                 Ice/Tmut       0%         N/A       100%        4
 Passage of Golubria      Tloc           0%         N/A       100%        4
 Sticky Flame             Conj/Fire      0%         2d3       100%        4
 Agony                    Necr           0%         N/A       100%        5
 Blade Hands              Tmut           0%         N/A       100%        5
 Excruciating Wounds      Necr           0%         N/A       100%        5
 Fireball                 Conj/Fire      0%         3d3       100%        5
 Freezing Cloud           Conj/Ice/Air   0%         6-21      100%        5
 Iskenderun's Battlesphe  Conj           0%         2d6       100%        5
 Metabolic Englaciation   Hex/Ice        0%         N/A       100%        5
 Yara's Violent Unravell  Hex/Tmut       0%         3d3       100%        5
 Conjure Ball Lightning   Conj/Air       0%         3x3d6     100%        6
 Iron Shot                Conj/Erth      0%         9d1       100%        6
 Dragon Form              Tmut           0%         N/A       100%        7
 Orb of Destruction       Conj           0%         N/A       100%        7
 Ozocubu's Refrigeration  Ice            0%         4d5       100%        7
 Lehudib's Crystal Spear  Conj/Erth      0%         10d2      100%        8
 Animate Skeleton         Necr           Unusable   N/A       N/A         1
 Summon Small Mammal      Summ           Unusable   N/A       N/A         1
 Tukima's Dance           Hex            Unusable   N/A       N/A         3
 Animate Armour           Summ/Erth      Unusable   N/A       N/A         4
 Summon Forest            Summ/Tloc      Unusable   N/A       N/A         5
 Spellforged Servitor     Conj/Summ      Unusable   N/A       N/A         7
 Dragon's Call            Summ           Unusable   N/A       N/A         9

Dungeon Overview and Level Annotations

Branches:
Dungeon (15/15)            Temple (1/1) D:7            Lair (6/6) D:11
 Shoals (0/4) Lair:2        Snake (0/4) Lair:2        Slime (0/5) Lair:5
    Orc (2/2) D:12            Elf (0/3) Orc:2         IceCv (1/1)
Volcano (visited)
 Vaults: D:13-14     Depths: D:15

Altars:
Ashenzari
Cheibriados
Dithmenos
Elyvilon
Fedhas
Gozag
Hepliaklqana
Kikubaaqudgha
Makhleb
Nemelex Xobeh
Okawaru
Qazlal
Ru
Sif Muna
Trog
Uskayaw
Vehumet
Wu Jian
Xom
Yredelemnul
Zin
The Shining One
Jiyva

Shops:
D:2 ?   D:4 :   D:13 (   Orc:2 !*?!

Portals:
Hell: Lair:6

Annotations:
IceCv 1 transporter


Innate Abilities, Weirdness & Mutations

You cannot be hasted, slowed, berserked, paralysed or teleported.
You can dig through walls and to a lower floor.
You have a pair of large antennae on your head. (SInv)
Your four strong arms can wield two-handed weapons with a shield.


Message History

Unknown command.
You cut the orange crystal statue into ribbons!!!
The orange crystal statue is severely damaged.
Unknown command.
You hit the orange crystal statue but do no damage.
The orange crystal statue is severely damaged.
The orange crystal statue fixes its piercing gaze on you.
Something tries to feed on your intellect!
Unknown command.
You chop the orange crystal statue into pieces!!!
You destroy the orange crystal statue!
Okawaru accepts your kill. Okawaru crowns you victorious!
An exit appears.
Unknown command.
There is a gate leading back out of this place here.
You start resting.
The spectator waves excitedly.
You feel like a meek peon again.
The spectator yells with approval.
You start resting.
The spectator jeers repeatedly at you.
The spectator's armour gleams in the torchlight.
The spectator jeers loudly at you.
Okawaru bids you farewell from the Arena.
You start resting.
The spectator mutters to another spectator.
You are returned from the Arena.
Welcome back to an ice cave!
Level annotation: 1 transporter, exclusion: orange crystal statue The white very ugly thing punches you.
The white very ugly thing freezes you!!!
* * * LOW HITPOINT WARNING * * *
You slash the white very ugly thing!
The white very ugly thing looks as sick as possible!
The white very ugly thing is moderately wounded.
The white very ugly thing misses you.
Unknown command.
You feel much better. The white very ugly thing punches you!
* * * LOW HITPOINT WARNING * * *
The white very ugly thing freezes you!!!
You die...

##### ### ####...###
#.©# ##........##
#8..#
##..........##8...#
##...........#8....#
#.......8..[.#....$#
###...........8#@u.$(#
#.#.∩.∩.....[©©#©..=.#
##†...........8#...![#
##.......8....#....$#
##...........#8....#
##..........##8...#
##........## #8..#
####...### #.∩# #####
###


You could see a white very ugly thing (extremely poisoned).

Vanquished Creatures
  Jorgrun (Orc:1)
  Kirke (D:13)
  A very ugly thing (IceCv)
  A dire elephant (Lair:6)
  Josephine (D:14)
  Snorg (Lair:3)
  Fannar (Lair:1)
  2 boulder beetles
  4 hydras (Lair:6)
  A centaur warrior (Volcano)
  A vault guard (D:13)
  An ice dragon (D:14)
  2 two-headed ogres (D:10)
  An alligator (D:14)
  4 death yaks (Lair:4)
  A tengu warrior (D:14)
  An orc high priest (Orc:2)
  A hell knight (Volcano)
  Nergalle (Lair:1)
  Sonja (Orc:2)
  A sixfirhy (Lair:6)
  2 lindwurms
  A wizard (Lair:6)
  An orange crystal statue (Arena)
  A deep elf archer (Arena)
  A deep elf pyromancer (D:12)
  5 ugly things
  An orc sorcerer (Orc:2)
  2 orc knights
  2 manticores
  4 cyclopes
  Joseph (D:7)
  Maurice (Orc:2)
  A water nymph (D:9)
  7 elephants
  3 black mambas
  2 torpor snails
  14 cane toads
  5 orange demons (Lair:6)
  7 rime drakes
  3 kobold demonologists
  A gargoyle (D:11)
  2 freezing wraiths (IceCv)
  10 komodo dragons
  An anaconda simulacrum (IceCv)
  4 yaktaurs
  A troll (Orc:1)
  An ice devil (Lair:6)
  A hellwing (Lair:6)
  4 polar bears
  3 dream sheep (Lair:4)
  25 blink frogs
  7 slime creatures
  A dire elephant simulacrum (IceCv)
  5 wraiths
  58 yaks
  7 humans (D:13)
  Grum (D:11)
  A basilisk (Lair:1)
  3 wyverns
  Eustachio (D:5)
  6 vampire mosquitoes
  3 wargs (Orc:1)
  Edmund (D:6)
  A harpy simulacrum (IceCv)
  An acid dragon (D:12)
  18 water moccasins
  Duvessa (D:4)
  An alligator simulacrum (IceCv)
  3 hell hounds (Lair:6)
  29 orc warriors
  3 sky beasts
  A black bear (D:7)
  4 ice beasts
  2 ettin simulacra (IceCv)
  5 ogres
  21 wolves
  16 centaurs
  A phantom (D:4)
  9 kobold brigands
  7 bullfrogs
  3 gnoll sergeants
  2 water moccasin zombies
  5 scorpions
  A wyvern zombie (D:6)
  Dowan (D:4)
  14 killer bees
  2 lindwurm simulacra (IceCv)
  5 wights (D:9)
  A howler monkey (D:6)
  6 electric eels (D:11)
  6 centaur zombies
  2 bullfrog skeletons
  11 hounds
  15 orc priests
  5 jellies
  4 centaur skeletons
  2 gnoll shamans (D:5)
  2 iguanas
  13 orc wizards
  A killer bee zombie (D:6)
  A centaur simulacrum (D:10)
  A howler monkey zombie (D:6)
  Robin (D:2)
  27 gnolls
  6 adders
  A shadow imp (D:7)
  An ufetubus (D:5)
  2 dart slugs
  50 orcs
  4 ball pythons
  10 bats
  10 endoplasms
  7 giant cockroaches
  16 hobgoblins
  9 jackals
  27 kobolds
  4 frilled lizards
  23 goblins
  A quokka skeleton (D:4)
  6 rats
  A bush (Lair:5)
  A butterfly (D:7)
673 creatures vanquished.

Vanquished Creatures (others)
  15 fungi
  26 plants
41 creatures vanquished.

Grand Total: 714 creatures vanquished

Notes
Turn   | Place    | Note
-------+----------+-------------------------------------------
     0 | D:1      | browni3141 the Formicid Fighter began the quest for the
                  | Orb.
     0 | D:1      | Reached XP level 1. HP: 18/18 MP: 1/1
    86 | D:1      | Reached XP level 2. HP: 24/24 MP: 2/2
   222 | D:1      | Reached skill level 3 in Long Blades
   272 | D:1      | Reached XP level 3. HP: 28/29 MP: 3/3
   612 | D:2      | Found a radiant altar of Vehumet.
   845 | D:2      | Noticed Robin
   847 | D:2      | Reached XP level 4. HP: 35/35 MP: 4/4
   855 | D:2      | Killed Robin
   856 | D:2      | Reached skill level 4 in Long Blades
   992 | D:2      | Found Hufih's Magic Scroll Boutique.
  1002 | D:2      | Bought a scroll of identify for 24 gold pieces
  1002 | D:2      | Bought a scroll of identify for 24 gold pieces
  1058 | D:2      | Noticed an ogre
  2155 | D:3      | Reached XP level 5. HP: 41/41 MP: 5/5
  2231 | D:3      | Found a faded altar of an unknown god.
  2619 | D:3      | Reached skill level 5 in Long Blades
  2700 | D:3      | Reached XP level 6. HP: 29/47 MP: 6/6
  3393 | D:4      | Reached skill level 5 in Shields
  3420 | D:4      | Reached skill level 6 in Long Blades
  3564 | D:4      | Reached XP level 7. HP: 51/52 MP: 7/7
  3877 | D:4      | Noticed Duvessa
  3877 | D:4      | Noticed Dowan
  4085 | D:4      | Found Voduq's Book Boutique.
  4219 | D:4      | Reached skill level 7 in Long Blades
  4510 | D:5      | Entered Level 5 of the Dungeon
  4779 | D:4      | Killed Duvessa
  4780 | D:4      | Reached XP level 8. HP: 53/58 MP: 8/8
  4780 | D:4      | Killed Dowan
  5206 | D:5      | Reached skill level 8 in Long Blades
  5298 | D:5      | Found a sacrificial altar of Ru.
  5835 | D:5      | Reached skill level 9 in Long Blades
  6144 | D:4      | Reached XP level 9. HP: 64/64 MP: 9/9
  6148 | D:5      | Noticed Eustachio
  6479 | D:5      | Reached skill level 10 in Long Blades
  6580 | D:5      | Killed Eustachio
  7118 | D:6      | Noticed Edmund
  7144 | D:6      | Killed Edmund
  7145 | D:6      | Reached skill level 11 in Long Blades
  7244 | D:5      | Reached XP level 10. HP: 67/70 MP: 10/10
  7424 | D:6      | Got the Reference Book on Frigorific Transmutation
  7585 | D:6      | Reached skill level 1 in Evocations
  7973 | D:7      | Noticed Joseph
  8216 | D:8      | Reached skill level 12 in Long Blades
  8287 | D:7      | Found a staircase to the Ecumenical Temple.
  8291 | Temple   | Entered the Ecumenical Temple
  8304 | Temple   | Became a worshipper of Warmaster Okawaru
  8415 | D:7      | Reached skill level 1 in Dodging
  8655 | D:7      | Noticed a cyclops
  8675 | D:7      | Killed a cyclops
  8676 | D:7      | Reached skill level 1 in Invocations
  8754 | D:7      | Reached * piety under Okawaru
  8886 | D:7      | Killed Joseph
  9007 | D:8      | Identified a scroll of acquirement
  9008 | D:8      | Acquired a +2 cloak of poison resistance
  9139 | D:8      | Reached XP level 11. HP: 78/78 MP: 13/13
  9336 | D:8      | Reached skill level 5 in Fighting
  9336 | D:8      | Reached skill level 5 in Armour
  9623 | D:9      | Reached ** piety under Okawaru
 10044 | D:9      | Noticed a two-headed ogre
 10369 | D:9      | a two-headed ogre changed into a water nymph
 10386 | D:10     | Entered Level 10 of the Dungeon
 10464 | D:10     | Noticed a two-headed ogre
 10475 | D:10     | Killed a two-headed ogre
 10475 | D:10     | Reached *** piety under Okawaru
 10476 | D:10     | Reached skill level 5 in Invocations
 10645 | D:10     | Reached **** piety under Okawaru
 10657 | D:10     | Reached skill level 13 in Long Blades
 10785 | D:10     | Noticed a two-headed ogre
 10793 | D:10     | Killed a two-headed ogre
 10825 | D:10     | Got the Collected Works on Freezing Summoning
 10854 | D:10     | Reached ***** piety under Okawaru
 10855 | D:10     | Reached skill level 5 in Evocations
 10858 | D:10     | Reached XP level 12. HP: 81/88 MP: 16/16
 11223 | D:11     | Found a staircase to the Lair.
 11643 | D:11     | Noticed Grum
 11650 | D:11     | Killed Grum
 11804 | Lair:1   | Entered Level 1 of the Lair of Beasts
 11865 | D:11     | Received a gift from Okawaru
 11895 | Lair:1   | You are sucked into a shaft and drop 1 floor!
 12058 | Lair:1   | Found a dark tunnel.
 12063 | Lair:1   | Reached skill level 14 in Long Blades
 12076 | Volcano  | Entered a volcano
 12082 | Volcano  | Noticed a centaur warrior
 12095 | Volcano  | Killed a centaur warrior
 12096 | Volcano  | Reached XP level 13. HP: 95/96 MP: 16/19
 12177 | Volcano  | Reached skill level 5 in Dodging
 12388 | Lair:1   | Reached skill level 1 in Crossbows
 12458 | Lair:1   | Noticed Nergalle
 12473 | Lair:1   | Killed Nergalle
 12518 | Lair:1   | Noticed Fannar
 12565 | Lair:1   | Killed Fannar
 12684 | Lair:1   | Reached skill level 10 in Invocations
 12733 | Lair:1   | Received a gift from Okawaru
 13043 | Lair:2   | Found a staircase to the Snake Pit.
 13139 | Lair:2   | Received a gift from Okawaru
 13368 | Lair:2   | Found a staircase to the Shoals.
 13684 | Lair:3   | Noticed Snorg
 13738 | Lair:3   | Killed Snorg
 13788 | Lair:3   | Received a gift from Okawaru
 14493 | Lair:4   | Reached XP level 14. HP: 106/106 MP: 22/22
 14509 | Lair:4   | Reached ****** piety under Okawaru
 14628 | Lair:4   | Received a gift from Okawaru
 14633 | Lair:4   | Reached skill level 15 in Long Blades
 14787 | Lair:5   | Identified the +3 short sword "Cierout" {vorpal, rCorr MP+9
                  | Dex+8 SInv}
 14797 | Lair:5   | Acquired 921 gold pieces
 14915 | Lair:5   | Identified the +1 falchion "Baimp" {freeze, rCorr}
 14991 | Lair:5   | Reached skill level 5 in Crossbows
 15022 | Lair:5   | Found a runed translucent door.
 15022 | Lair:5   | Found a viscous altar of Jiyva.
 15026 | Lair:5   | Identified the +1 robe of Lucidity {Rampage rC+++ Str+5
                  | Stlth-} (Okawaru gifted it to you on level 5 of the Lair of
                  | Beasts)
 15026 | Lair:5   | Received a gift from Okawaru
 15048 | Lair:5   | Found a staircase to the Slime Pits.
 15450 | Lair:6   | Entered Level 6 of the Lair of Beasts
 16045 | Lair:6   | Noticed a dire elephant
 16061 | Lair:6   | Killed a dire elephant
 16061 | Lair:6   | Received a gift from Okawaru
 16187 | Lair:6   | Found a burning altar of Makhleb.
 16236 | Lair:6   | Reached XP level 15. HP: 114/114 MP: 24/24
 16304 | Lair:6   | Found a gateway to Hell.
 16909 | D:11     | Received a gift from Okawaru
 16910 | D:11     | Reached skill level 16 in Long Blades
 17232 | D:12     | Received a gift from Okawaru
 17325 | D:12     | Found a staircase to the Orcish Mines.
 17520 | Orc:1    | Entered Level 1 of the Orcish Mines
 17530 | Orc:1    | Reached skill level 10 in Fighting
 17565 | Orc:1    | Noticed Jorgrun
 17588 | Orc:1    | Killed Jorgrun
 17745 | Orc:1    | Found a radiant altar of Vehumet.
 17967 | Orc:2    | Entered Level 2 of the Orcish Mines
 17967 | Orc:2    | Noticed Maurice
 17975 | Orc:2    | Killed Maurice
 18010 | Orc:2    | Identified the +5 battleaxe of Fes Siac {freeze, rElec
                  | rF++} (Okawaru gifted it to you on level 2 of the Orcish
                  | Mines)
 18010 | Orc:2    | Received a gift from Okawaru
 18132 | Orc:2    | Reached skill level 10 in Armour
 18184 | Orc:2    | Found a staircase to the Elven Halls.
 18553 | Orc:2    | Noticed Sonja
 18564 | Orc:2    | Killed Sonja
 18666 | Orc:1    | Found a burning altar of Makhleb.
 18724 | Orc:2    | Found Dextoa's Assorted Antiques.
 18724 | Orc:2    | Found Amisoani's Magic Scroll Emporium.
 18726 | Orc:2    | Found Ikla Ypt's Distillery.
 18728 | Orc:2    | Found Zennun's Distillery.
 18732 | Orc:2    | Bought a potion of heal wounds for 80 gold pieces
 18732 | Orc:2    | Bought a potion of curing for 48 gold pieces
 18732 | Orc:2    | Bought a potion of resistance for 160 gold pieces
 18732 | Orc:2    | Bought a potion of curing for 48 gold pieces
 18773 | Orc:2    | Bought a potion of curing for 78 gold pieces
 18773 | Orc:2    | Bought a bubbling purple potion for 23 gold pieces
 18774 | Orc:2    | Bought a scroll of fear for 45 gold pieces
 18774 | Orc:2    | Bought a scroll of silence for 97 gold pieces
 18774 | Orc:2    | Bought a scroll of identify for 26 gold pieces
 18777 | Orc:2    | Bought a potion of heal wounds for 65 gold pieces
 18777 | Orc:2    | Bought a potion of heal wounds for 65 gold pieces
 18777 | Orc:2    | Bought a potion of degeneration for 13 gold pieces
 18777 | Orc:2    | Bought a potion of heal wounds for 65 gold pieces
 18777 | Orc:2    | Bought a potion of curing for 39 gold pieces
 18778 | Orc:2    | Bought 2 potions of brilliance for 104 gold pieces
 18979 | D:13     | Found Ipsip's Weapon Emporium.
 19043 | D:13     | Noticed Kirke
 19052 | D:13     | Killed Kirke
 19137 | Arena    | Entered the Arena
 19177 | D:13     | You fall into a shaft and drop 2 floors!
 19177 | D:15     | Entered Level 15 of the Dungeon
 19255 | D:15     | Found an iron altar of Okawaru.
 19434 | D:14     | Identified the +6 triple sword "Tinuusmu" {venom, Str+3
                  | Stlth+} (Okawaru gifted it to you on level 14 of the
                  | Dungeon)
 19434 | D:14     | Received a gift from Okawaru
 19478 | D:14     | Noticed Josephine
 19486 | D:14     | Killed Josephine
 19489 | D:14     | Reached XP level 16. HP: 53/121 MP: 25/25
 19563 | D:14     | Found a frozen archway.
 19600 | IceCv    | Entered an ice cave
 19691 | IceCv    | Found a transporter.
 19705 | IceCv    | Found a transporter.
 19727 | Arena    | Entered the Arena
 19751 | IceCv    | Demolished by a white very ugly thing

Illustrated notes

Levels and vault maps discovered:
D:1:      dpeg_arrival_simpleton_b, layout_rooms
D:2:      wad_crossroads, layout_loops_corners, basic_altar, serial_shops,
          nicolae_diamond_shop, uniq_robin
D:3:      minmay_chambers_of_threes, layout_loops_corners,
          ebering_ecumenical_altar_abandoned
D:4:      layout_loops_corners, serial_shops, shop_statue, uniq_duvessa
D:5:      layout_cave_pools, nicolae_ru_sacrificial_ziggurat, serial_gnoll_camp,
          gnoll_camp_mini_doghouse, gnoll_camp_mini_basic,
          gnoll_camp_mini_loothouse, gnoll_camp_mini_house, gnoll_camp_mini_hut,
          gnoll_camp_medium_02, uniq_eustachio
D:6:      layout_cave_pools, serial_park_tiny_2, uniq_edmund
D:7:      layout_gridville, minmay_temple_entry_butterflies, serial_glass,
          glass_columns_b, glass_columns_b, item_on_display_a,
          item_on_display_a, uniq_joseph
D:8:      layout_basic
D:9:      layout_loops_ring, special_room [special_room_kobold]
D:10:     layout_cave_pools, hangedman_weighted_door,
          chequers_hall_statues_corner_a
D:11:     layout_basic, david_lair_shrubbed, uniq_grum
D:12:     layout_stronghold, orc_0_dummy
D:13:     layout_stronghold, grunt_vaults_entry_fortified, serial_shops,
          nicolae_stop_n_shop_2, uniq_nessos, uniq_kirke
D:14:     layout_small_grid, grunt_decor_cap, portal_ice_cave_entry_dragon,
          minmay_crystal_water, uniq_rupert, uniq_josephine
D:15:     hangedman_depths_entry_try_elsewhere_first, layout_long_grid,
          okawaru_metal_pillars_3, minivault_16, nicolae_qazlal_eye_of_the_storm
Temple:   grunt_wide_crystal_templ
Lair:1:   layout_regular_city, nicolae_volcano_entry_vermiform, uniq_fannar,
          uniq_nergalle
Lair:2:   layout_regular_city, elwin_shoals_entry_rocks, dummy_snake_entry
Lair:3:   layout_regular_city, uniq_snorg
Lair:4:   layout_gridlike, lemuel_fruit_tree
Lair:5:   layout_cave_pods, slime_altar_2, serial_bayou_shore_b,
          serial_bayou_shore_b, grunt_megastairs_5
Lair:6:   evil_forest, layout_cave_pods
Orc:1:    layout_caves, serial_shops, basic_altar, david_defended_altar_orc,
          uniq_jorgrun
Orc:2:    st_orc_rangers, layout_caves, nicolae_orc_rockfall, uniq_maurice,
          uniq_sonja
IceCv:    ice_cave_statue_garden_transporter

Skill      XL: |  1  2  3  4  5  6  7  8  9 10 11 12 13 14 15 16 |
---------------+-------------------------------------------------+-----
Long Blades    | 3 4 5 6 7 9 11 12 13 14 15 16 | 16.4
Shields        | 4 5 7 9 |  9.0
Evocations     | 3 5 |  5.0
Fighting       | 4 6 7 8 9 10 | 10.7
Armour         | 4 6 7 8 9 10 | 10.5
Dodging        | 2 3 4 5 6 7 8 |  8.0
Invocations    | 3 6 9 10 12 | 12.0
Crossbows      | 4 6 9 |  9.4

Action                   |  1- 3 |  4- 6 |  7- 9 | 10-12 | 13-15 | 16-18 || total
-------------------------+-------+-------+-------+-------+-------+-------++-------
Melee: Long sword        |   113 |   176 |   119 |    43 |       |       ||   451
       Unarmed           |       |       |     4 |       |       |       ||     4
       Short sword       |       |       |   239 |   221 |       |       ||   460
       Great sword       |       |       |       |   381 |  1181 |       ||  1562
       Triple sword      |       |       |       |       |    19 |    44 ||    63
 Fire: Arbalest          |       |       |       |       |   159 |       ||   159
Throw: Dart              |       |    27 |    49 |    43 |     4 |       ||   123
Invok: Heroism           |       |       |       |    14 |    16 |     2 ||    32
       Finesse           |       |       |       |     1 |     4 |     2 ||     7
       Duel              |       |       |       |       |     1 |     1 ||     2
 Abil: Dig               |     1 |     5 |     7 |    39 |    73 |     3 ||   128
       Shaft Self        |       |       |       |       |     1 |       ||     1
Evoke: Wand              |       |       |       |     7 |     3 |       ||    10
  Use: Scroll            |       |     5 |     3 |     7 |     6 |       ||    21
       Potion            |       |     1 |       |       |     2 |     3 ||     6
Armor: Scale mail        |    44 |    53 |       |       |       |       ||    97
       Chain mail        |       |     1 |     2 |       |       |       ||     3
       Plate armour      |       |       |    97 |   203 |   384 |    23 ||   707
Dodge: Dodged            |    52 |    52 |    56 |   181 |   528 |    36 ||   905
Block: Buckler           |    29 |       |       |       |       |       ||    29
       Kite shield       |    12 |   157 |   231 |   245 |   592 |    23 ||  1260
       Reflection        |       |     2 |     5 |       |       |       ||     7
       Other             |       |       |     1 |       |       |       ||     1

Table legend: (Time is in decaauts)
 A = Elapsed time spent in this place.
 B = Non-inter-level travel time spent in this place.
 C = Inter-level travel time spent in this place.
 D = Time resting spent in this place.
 E = Time spent auto-exploring this place.
 F = Levels seen in this place.
 G = Mean time per level.
                   A        B        C        D        E       F      G
               +--------+--------+--------+--------+--------+-----+--------+
         Total |  19608 |  18453 |   1155 |   1968 |    268 |  28 |  700.3 |
       Dungeon |  13122 |  12259 |    863 |   1559 |    185 |  15 |  874.8 |
        Temple |     64 |     64 |      0 |      0 |      0 |   1 |   64.0 |
          Lair |   4704 |   4485 |    219 |    164 |     11 |   6 |  784.0 |
  Orcish Mines |   1410 |   1338 |     72 |    158 |     72 |   2 |  705.0 |
      Ice Cave |    106 |    106 |      0 |     52 |      0 |   1 |  106.0 |
       Volcano |    153 |    153 |      0 |      5 |      0 |   1 |  153.0 |
         Arena |     47 |     47 |      0 |     28 |      0 |   2 |   23.5 |
               +--------+--------+--------+--------+--------+-----+--------+

Top non-repeatable levels by time:
     D:4: 2320 daAuts
     D:3: 1539 daAuts
     D:5: 1394 daAuts
     D:2: 1240 daAuts
  Lair:6: 1128 daAuts
     D:8: 1064 daAuts
    D:11: 1001 daAuts
  Lair:5: 846 daAuts
   Orc:2: 832 daAuts
     D:7: 818 daAuts
     D:9: 743 daAuts
  Lair:4: 717 daAuts
  Lair:2: 696 daAuts
  Lair:1: 676 daAuts
    D:12: 651 daAuts
